[ AOE2 MATCH · #494170317 ]
UnrankedPoles vs Gurjaras
Player's team · LOSS
Rival team · WIN
[ REPLAY ANALYSIS · EXTRACTED FROM THE RECORDED GAME ]
Feudal
9:24
Castle
25:25
Imperial
—
| APM avg | 42.4 |
| APM peak | 76 |
| eAPM avg | 21.7 |
| Villagers / military | 64 / 67 |
Focus
⚔️ 32.9% · 🌾 67.1%
Knight ×44 · Skirmisher ×8 · Spearman ×7 · Militia ×3 · Battering Ram ×3 · Monk ×1
Feudal
8:58
Castle
21:40
Imperial
—
| APM avg | 37.8 |
| APM peak | 88 |
| eAPM avg | 18.9 |
| Villagers / military | 142 / 57 |
Focus
⚔️ 25.7% · 🌾 74.3%
Camel Scout ×29 · Chakram Thrower ×9 · Archer ×7 · Monk ×5 · Shrivamsha Rider ×4 · Scout Cavalry ×2
Match map
Initial resources + every placement click. Lines = walls · curves = elevation contours. ◆ gold · ⬟ stone · ● berries · ✦ relic · ◌ wall gap
Your base· Open — unwalled flank
Orca17's base· Open — unwalled flank
Smoothed initial terrain · ◌ = detected wall gap · hover for details
Inputs per minute
— Multimorbid - - Orca17
Build order — Multimorbid
First 150 of 232 actions detected
| 0:00 | Create | Villager (Male) |
| 0:01 | Create | Villager (Male) |
| 0:02 | Build | House |
| 0:03 | Build | House |
| 0:05 | Create | Villager (Male) |
| 0:05 | Create | Villager (Male) |
| 1:23 | Create | Villager (Male) |
| 1:48 | Create | Villager (Male) |
| 2:06 | Build | House |
| 2:21 | Create | Villager (Male) |
| 2:40 | Build | Lumber Camp |
| 2:52 | Create | Villager (Male) |
| 3:07 | Create | Villager (Male) |
| 3:28 | Create | Villager (Male) |
| 3:55 | Create | Villager (Male) |
| 3:59 | Build | Mill |
| 4:03 | Build | Mill |
| 4:12 | Create | Villager (Male) |
| 4:43 | Create | Villager (Male) |
| 5:10 | Create | Villager (Male) |
| 5:42 | Create | Villager (Male) |
| 5:49 | Build | House |
| 6:13 | Create | Villager (Male) |
| 6:14 | Research | Loom |
| 6:57 | Build | Barracks |
| 7:14 | Research | Feudal Age |
| 7:14 | Research | Feudal Age |
| 7:30 | Build | House |
| 7:41 | Create | Militia |
| 7:54 | Create | Militia |
| 8:02 | Build | Mining Camp |
| 8:20 | Build | House |
| 8:52 | Build | Palisade Wall |
| 8:54 | Create | Militia |
| 9:13 | Create | Villager (Male) |
| 9:24 | Age | Feudal Age |
| 9:40 | Create | Villager (Male) |
| 9:50 | Create | Villager (Male) |
| 10:12 | Build | Watch Tower |
| 10:25 | Research | Man-at-Arms (upgrade) |
| 10:25 | Research | Man-at-Arms (upgrade) |
| 10:40 | Create | Villager (Male) |
| 10:45 | Research | Double-Bit Axe |
| 10:53 | Create | Villager (Male) |
| 11:26 | Build | Watch Tower |
| 11:28 | Create | Villager (Male) |
| 11:47 | Research | Horse Collar |
| 11:57 | Create | Villager (Male) |
| 12:01 | Build | Farm |
| 12:17 | Create | Villager (Male) |
| 12:21 | Build | Archery Range |
| 12:34 | Build | Watch Tower |
| 12:46 | Create | Villager (Male) |
| 13:06 | Create | Villager (Male) |
| 13:08 | Create | Skirmisher |
| 13:19 | Build | House |
| 13:20 | Build | House |
| 13:27 | Create | Villager (Male) |
| 13:49 | Create | Villager (Male) |
| 14:02 | Build | Mining Camp |
| 14:03 | Create | Villager (Male) |
| 14:04 | Create | Skirmisher |
| 14:28 | Create | Villager (Male) |
| 14:30 | Create | Skirmisher |
| 14:31 | Create | Skirmisher |
| 14:38 | Create | Skirmisher |
| 14:56 | Create | Villager (Male) |
| 14:59 | Build | Farm |
| 14:59 | Build | Farm |
| 15:08 | Create | Villager (Male) |
| 15:14 | Create | Archer |
| 15:20 | Build | Blacksmith |
| 15:33 | Build | Watch Tower |
| 15:40 | Build | House |
| 15:58 | Build | Palisade Wall |
| 16:02 | Create | Villager (Male) |
| 16:20 | Build | Watch Tower |
| 16:25 | Create | Skirmisher |
| 16:34 | Build | Farm |
| 16:42 | Build | House |
| 16:52 | Create | Spearman |
| 17:02 | Build | Farm |
| 17:03 | Build | Farm |
| 17:10 | Build | Mill |
| 17:14 | Build | Mill |
| 17:16 | Create | Villager (Male) |
| 17:31 | Create | Villager (Male) |
| 17:33 | Build | House |
| 18:02 | Build | Watch Tower |
| 18:20 | Create | Villager (Male) |
| 18:24 | Create | Villager (Male) |
| 18:42 | Create | Skirmisher |
| 18:42 | Create | Skirmisher |
| 18:57 | Build | Watch Tower |
| 18:58 | Create | Villager (Male) |
| 19:23 | Create | Villager (Male) |
| 19:30 | Build | Lumber Camp |
| 19:48 | Build | Watch Tower |
| 19:52 | Create | Villager (Male) |
| 20:05 | Build | Mill |
| 20:05 | Build | Farm |
| 20:06 | Build | Farm |
| 20:06 | Build | Farm |
| 20:20 | Create | Villager (Male) |
| 20:34 | Build | Watch Tower |
| 20:38 | Build | Farm |
| 20:49 | Create | Villager (Male) |
| 21:05 | Build | Farm |
| 21:06 | Create | Villager (Male) |
| 21:11 | Build | Market |
| 21:23 | Build | Farm |
| 21:29 | Create | Villager (Male) |
| 21:44 | Build | House |
| 21:52 | Build | House |
| 21:58 | Create | Spearman |
| 22:03 | Create | Villager (Male) |
| 22:08 | Build | Mining Camp |
| 22:24 | Build | Farm |
| 22:28 | Build | House |
| 22:38 | Build | House |
| 22:45 | Research | Castle Age |
| 22:46 | Research | Castle Age |
| 22:49 | Build | Farm |
| 22:54 | Create | Spearman |
| 23:03 | Build | House |
| 23:06 | Build | House |
| 23:10 | Build | Palisade Wall |
| 23:12 | Build | Palisade Wall |
| 23:17 | Create | Spearman |
| 23:48 | Research | Scale Mail Armor |
| 23:56 | Build | Farm |
| 24:22 | Create | Spearman |
| 24:22 | Create | Spearman |
| 24:27 | Research | Fletching |
| 24:55 | Create | Spearman |
| 25:09 | Create | Villager (Male) |
| 25:16 | Build | Stable |
| 25:25 | Age | Castle Age |
| 25:28 | Build | Castle |
| 25:32 | Research | Heavy Plow |
| 25:37 | Research | Bow Saw |
| 25:44 | Create | Villager (Male) |
| 26:14 | Create | Villager (Male) |
| 26:22 | Build | Farm |
| 26:23 | Build | Farm |
| 26:27 | Research | Wheelbarrow |
| 26:27 | Research | Wheelbarrow |
| 26:41 | Build | Monastery |
| 27:22 | Build | Farm |
| 27:25 | Build | Farm |
Build order — Orca17
First 150 of 300 actions detected
| 0:00 | Create | Villager (Male) |
| 0:00 | Create | Villager (Male) |
| 0:00 | Create | Villager (Male) |
| 0:01 | Create | Villager (Male) |
| 0:01 | Create | Villager (Male) |
| 0:02 | Build | House |
| 0:02 | Build | House |
| 0:50 | Build | Mill |
| 1:37 | Create | Villager (Male) |
| 1:58 | Create | Villager (Male) |
| 2:20 | Create | Villager (Male) |
| 2:48 | Create | Villager (Male) |
| 3:13 | Create | Villager (Male) |
| 3:14 | Create | Villager (Male) |
| 3:33 | Build | House |
| 3:48 | Create | Villager (Male) |
| 3:59 | Build | Lumber Camp |
| 4:14 | Create | Villager (Male) |
| 4:42 | Create | Villager (Male) |
| 4:42 | Create | Villager (Male) |
| 5:01 | Create | Villager (Male) |
| 5:13 | Research | Loom |
| 5:52 | Build | Mill |
| 6:48 | Research | Feudal Age |
| 6:48 | Research | Feudal Age |
| 7:49 | Build | Barracks |
| 8:17 | Create | Villager (Male) |
| 8:17 | Create | Villager (Male) |
| 8:20 | Build | House |
| 8:58 | Age | Feudal Age |
| 9:04 | Research | Double-Bit Axe |
| 9:25 | Create | Spearman |
| 9:42 | Create | Villager (Male) |
| 9:55 | Build | Archery Range |
| 10:02 | Build | Mining Camp |
| 10:04 | Create | Villager (Male) |
| 10:26 | Build | House |
| 10:31 | Create | Villager (Male) |
| 10:42 | Create | Archer |
| 11:08 | Create | Villager (Male) |
| 11:09 | Create | Villager (Male) |
| 11:11 | Build | House |
| 11:31 | Create | Archer |
| 11:33 | Build | Watch Tower |
| 11:40 | Build | House |
| 11:48 | Create | Villager (Male) |
| 11:48 | Create | Villager (Male) |
| 12:13 | Build | Blacksmith |
| 12:35 | Create | Villager (Male) |
| 12:38 | Create | Archer |
| 12:49 | Build | Mining Camp |
| 12:52 | Create | Archer |
| 13:00 | Build | House |
| 13:02 | Build | House |
| 13:10 | Research | Fletching |
| 13:11 | Research | Fletching |
| 13:12 | Create | Villager (Male) |
| 13:13 | Create | Villager (Male) |
| 14:13 | Create | Villager (Male) |
| 14:13 | Create | Villager (Male) |
| 14:14 | Create | Archer |
| 14:31 | Create | Villager (Male) |
| 14:48 | Create | Archer |
| 14:56 | Build | Stable |
| 15:14 | Create | Archer |
| 15:15 | Create | Villager (Male) |
| 15:20 | Create | Scout Cavalry |
| 15:21 | Create | Scout Cavalry |
| 15:24 | Build | Farm |
| 15:25 | Build | Farm |
| 15:26 | Build | Farm |
| 15:27 | Build | Farm |
| 15:29 | Build | Farm |
| 15:32 | Build | Farm |
| 15:34 | Build | House |
| 15:58 | Build | Farm |
| 15:59 | Create | Villager (Male) |
| 16:25 | Create | Villager (Male) |
| 16:43 | Build | House |
| 17:04 | Create | Villager (Male) |
| 17:09 | Build | House |
| 17:11 | Build | Market |
| 17:24 | Create | Villager (Male) |
| 18:04 | Create | Villager (Male) |
| 18:04 | Create | Villager (Male) |
| 18:07 | Build | Farm |
| 18:07 | Build | Farm |
| 18:07 | Build | Farm |
| 18:07 | Build | Farm |
| 18:08 | Build | Farm |
| 18:08 | Build | Farm |
| 19:00 | Research | Castle Age |
| 19:31 | Research | Horse Collar |
| 20:44 | Create | Villager (Male) |
| 20:44 | Create | Villager (Male) |
| 21:32 | Research | Wheelbarrow |
| 21:33 | Research | Town Watch |
| 21:35 | Create | Villager (Male) |
| 21:40 | Age | Castle Age |
| 21:41 | Build | Town Center |
| 21:46 | Build | Town Center |
| 21:51 | Research | Bow Saw |
| 22:03 | Create | Shrivamsha Rider |
| 22:03 | Create | Shrivamsha Rider |
| 22:23 | Research | Heavy Plow |
| 22:36 | Create | Villager (Male) |
| 22:36 | Create | Villager (Male) |
| 22:47 | Create | Shrivamsha Rider |
| 22:47 | Create | Shrivamsha Rider |
| 22:51 | Build | Farm |
| 22:52 | Create | Villager (Male) |
| 22:52 | Create | Villager (Male) |
| 22:52 | Create | Villager (Male) |
| 22:58 | Create | Villager (Male) |
| 23:01 | Build | Farm |
| 23:16 | Create | Villager (Male) |
| 23:17 | Create | Villager (Male) |
| 23:23 | Build | Monastery |
| 23:29 | Create | Villager (Male) |
| 23:29 | Create | Villager (Male) |
| 23:30 | Create | Villager (Male) |
| 23:50 | Create | Villager (Male) |
| 24:03 | Create | Villager (Male) |
| 24:04 | Create | Villager (Male) |
| 24:23 | Create | Villager (Male) |
| 24:23 | Create | Villager (Male) |
| 24:28 | Create | Monk |
| 24:28 | Create | Monk |
| 24:29 | Build | House |
| 24:32 | Build | Farm |
| 24:32 | Build | Farm |
| 24:32 | Build | Farm |
| 24:33 | Build | Farm |
| 24:33 | Build | Farm |
| 24:33 | Build | Farm |
| 24:35 | Build | Farm |
| 24:35 | Build | Farm |
| 24:36 | Build | Farm |
| 25:01 | Create | Villager (Male) |
| 25:01 | Create | Villager (Male) |
| 25:02 | Create | Villager (Male) |
| 25:04 | Build | House |
| 25:05 | Build | House |
| 25:13 | Research | Gold Mining |
| 25:17 | Create | Villager (Male) |
| 25:27 | Build | Town Center |
| 25:37 | Create | Monk |
| 25:43 | Create | Villager (Male) |
| 25:44 | Create | Villager (Male) |
| 25:44 | Create | Villager (Male) |
Match timeline
| 6:57 | Multimorbid · first_building Barracks |
| 7:49 | Orca17 · first_building Barracks |
| 8:52 | Multimorbid · wall_segment Palisade Wall x10 |
| 8:58 | Orca17 · age_up feudal |
| 9:24 | Multimorbid · age_up feudal |
| 9:55 | Orca17 · first_building Archery Range |
| 12:21 | Multimorbid · first_building Archery Range |
| 14:56 | Orca17 · first_building Stable |
| 15:58 | Multimorbid · wall_segment Palisade Wall x1 |
| 18:51 | Orca17 · first_market_buy 100 food |
| 21:40 | Orca17 · age_up castle |
| 22:22 | Multimorbid · first_market_buy 100 food |
| 23:10 | Multimorbid · wall_segment Palisade Wall x1 |
| 23:12 | Multimorbid · wall_segment Palisade Wall x1 |
| 23:23 | Orca17 · first_building Monastery |
| 25:16 | Multimorbid · first_building Stable |
| 25:25 | Multimorbid · age_up castle |
| 25:28 | Multimorbid · first_building Castle |
| 26:41 | Multimorbid · first_building Monastery |
| 28:37 | Multimorbid · first_market_sell 100 stone |
| 28:50 | Orca17 · first_building Castle |
| 31:31 | Multimorbid · first_building Siege Workshop |
| 35:29 | Multimorbid · resign |
[ AI ANALYSIS · 1 CREDIT ]
What really happened in this match?
Wolo.gg analyzes every decision: build order, eco, micro, common mistakes by bracket. Personalized analysis on WhatsApp or Discord in 30 seconds.
Civ guide
Poles
Perfil
Jugador #3564005